Map: Acid Plant LE

Players

Nordy

  • Race: Protoss Protoss
  • League: Diamond
  • Spawn Location: 5:00

WarMan - Winner!

  • Race: Terran Terran
  • Spawn Location: 11:00

VOD

Have the link to the VOD?

Description

Time

  • Played on: July 17, 2018, 2:14 p.m.
  • Length: 10:54
Show
View Real Time Build Order
Export as new Build Order

Nordy Protoss 

Build Orders: 1 Gate Expand 

Get SALT Encoding   

  12  0:01  Probe  
  13  0:13  Probe  
  14  0:17  Pylon  
  14  0:25  Probe  
  15  0:33  Probe  
  15  0:37  Gateway  
  15  0:42  Probe  
  16  0:47  Assimilator  
  17  0:51  Probe  
  18  1:03  Probe  
  19  1:15  Probe  
  20  1:26  Nexus  
  20  1:36  Cybernetics Core  
  20  1:40  Assimilator  
  20  1:44  Probe  
  21  1:51  Pylon  
  21  1:57  Probe  
  22  2:03  Adept, Warp Gate  
  22  2:09  Probe  
  25  2:21  Probe  
  26  2:27  Robotics Facility  
  26  2:34  Probe  
  27  2:40  Probe  
  27  2:42  Stalker  
  29  2:52  Pylon  
  29  2:59  Gateway  
  29  3:04  Immortal  
  29  3:19  Sentry  
  35  3:23  Shield Battery  
  35  3:27  Shield Battery  
  35  3:35  Probe x2  
  37  3:43  Observer  
  37  3:44  Twilight Council  
  38  3:52  Charge  
  38  3:53  Probe x2  
  40  4:09  Stalker x2  
  44  4:11  Pylon, Probe  
  45  4:29  Gateway  
  45  4:31  Immortal  
  43  4:34  Probe x2  
  49  4:46  Zealot  
  51  4:53  Probe x2  
  51  4:59  Gateway  
  53  5:04  Zealot  
  53  5:06  Probe  
  56  5:08  Probe  
  57  5:21  Zealot  
  59  5:29  Pylon  
  59  5:31  Pylon  
  59  5:34  Pylon  
  59  5:39  Zealot  
  59  5:40  Gateway  
  61  5:52  Zealot x2  
  65  6:03  Gateway  
  65  6:05  Gateway  
  65  6:06  Gateway  
  65  6:21  Zealot x3  
  65  6:29  Immortal  
  61  6:49  Zealot  
  61  6:50  Zealot x3  
  60  7:05  Stalker x4  
  60  7:10  Zealot x4  
  50  7:31  Zealot x4  
  50  7:32  Zealot x4  
  60  7:51  Observer  
  61  7:53  Stalker x2  
  61  7:54  Stalker x3  
  57  8:11  Zealot  
  57  8:12  Zealot x2  
  59  8:16  Probe x2  
  59  8:19  Assimilator  
  61  8:22  Assimilator  
  61  8:28  Templar Archives  
  61  8:30  Pylon  
  61  8:31  Probe x2  
  61  8:32  Zealot  
  65  8:57  Stalker x4  
  65  8:58  Stalker x2  
  76  9:18  Stalker x2  
  80  9:26  High Templar x2  
  80  9:30  Archon  
  84  9:49  Zealot x2  
  84  9:50  Zealot x2  
  84  9:52  Nexus  
  92  9:53  Pylon  
  92  9:55  Pylon  
  90  10:00  Zealot x2  
  72  10:18  Zealot x3  
  72  10:19  Zealot  
  70  10:26  Zealot  
  70  10:27  Zealot  
  60  10:40  Zealot x3  
  50  10:46  Zealot  
Show
View Real Time Build Order
Export as new Build Order

WarMan Terran - Winner!

Build Orders:  

Get SALT Encoding   

  12  0:03  SCV  
  13  0:15  SCV  
  14  0:22  Supply Depot  
  14  0:27  SCV  
  15  0:44  SCV, Barracks  
  16  0:50  Refinery  
  16  0:56  SCV  
  17  1:08  SCV  
  18  1:20  SCV  
  20  1:32  Barracks Reactor  
  20  1:34  Orbital Command  
  20  1:35  Supply Depot  
  19  1:49  Command Center  
  19  1:56  Refinery  
  19  2:00  SCV  
  20  2:08  Marine x2  
  20  2:12  SCV  
  23  2:20  Factory  
  23  2:24  SCV  
  23  2:26  Marine x2  
  26  2:36  SCV  
  27  2:44  Marine x2  
  27  2:48  SCV  
  30  2:54  Barracks  
  30  3:01  Orbital Command  
  30  3:03  Factory Tech Lab  
  30  3:12  Starport, SCV  
  31  3:15  Marine  
  31  3:19  Marine  
  33  3:26  Siege Tank  
  36  3:30  SCV  
  36  3:32  SCV  
  38  3:35  Marine  
  39  3:42  SCV, Barracks Tech Lab  
  39  3:47  Barracks  
  40  3:50  Starport Reactor  
  40  3:52  Orbital Command  
  40  3:54  Marine x2  
  42  3:58  SCV  
  43  4:03  Supply Depot  
  43  4:06  Stimpack  
  43  4:09  Marine  
  43  4:15  Marine  
  45  4:17  SCV  
  45  4:18  SCV  
  47  4:25  Siege Tank  
  47  4:30  SCV  
  51  4:32  Medivac  
  51  4:35  Medivac  
  55  4:39  Barracks Tech Lab  
  55  4:42  Supply Depot  
  55  4:43  SCV  
  56  4:46  SCV  
  56  4:50  Refinery  
  57  4:56  SCV  
  57  4:57  Marine x2, Supply Depot  
  60  5:04  Medivac  
  60  5:05  SCV  
  63  5:07  Liberator  
  63  5:08  SCV, Marine  
  65  5:17  SCV, Marine x2  
  65  5:20  SCV  
  69  5:25  Marine  
  69  5:26  Marine, Supply Depot  
  74  5:30  Liberator  
  74  5:35  Marine x2  
  76  5:43  Marine  
  76  5:44  Marine  
  76  5:47  Supply Depot  
  81  5:52  Marine  
  81  5:54  SCV x2  
  84  5:58  Marine  
  84  6:01  Marine  
  86  6:09  Supply Depot, Medivac, Concussive Shells, Marauder  
  86  6:10  Marine  
  91  6:16  Marine  
  91  6:19  Marine  
  91  6:22  Liberator  
  92  6:28  Marine  
  92  6:31  Marauder  
  90  6:34  Marine  
  90  6:36  Marine  
  95  6:42  SCV x2  
  95  6:46  Marine  
  90  6:51  Marine  
  90  6:52  Marine  
  91  6:55  Marauder  
  93  7:04  Marine  
  90  7:10  Siege Tank, Marine, Marauder  
  96  7:16  Marine  
  96  7:22  Marine  
  88  7:27  Marine  
  89  7:31  Marauder  
  89  7:33  Marine  
  91  7:39  Marine  
  91  7:42  Siege Tank  
  87  7:45  Marine  
  87  7:46  Bunker  
  88  7:52  Marauder, Marine  
  88  7:57  Marine  
  90  8:03  Marine  
  83  8:10  Marine  
  83  8:12  Liberator  
  70  8:13  Marauder  
  70  8:14  Siege Tank  
  70  8:15  Marine  
  74  8:21  Marine  
  75  8:28  Marine, Barracks  
  75  8:31  Barracks  
  75  8:33  Barracks, Marine  
  80  8:35  Marauder  
  80  8:36  SCV, Command Center, Refinery  
  80  8:37  SCV  
  80  8:39  Marine  
  85  8:45  Marine  
  85  8:46  Siege Tank  
  89  8:48  SCV  
  89  8:51  Marine  
  91  8:55  Liberator  
  91  8:56  Marauder  
  91  8:57  Marine  
  94  9:03  Marine  
  94  9:08  Marine  
  96  9:14  Marine  
  100  9:17  Marine  
  100  9:19  SCV  
  100  9:22  Supply Depot x2  
  100  9:23  SCV, Siege Tank, Marine, Barracks Tech Lab  
  100  9:24  Barracks Tech Lab  
  107  9:26  Marine  
  108  9:31  Barracks Tech Lab  
  108  9:32  Marine  
  108  9:35  Marine  
  110  9:43  Marauder  
  110  9:44  Marine  
  113  9:46  Marine x2  
  113  9:50  Marine  
  116  9:52  Marine  
  116  9:59  Siege Tank  
  119  10:02  Marine  
  119  10:04  Marine x3  
  122  10:08  Marine  
  122  10:10  Marine  
  103  10:20  Marine  
  98  10:21  Marine  
  98  10:22  Marauder, Marine x2  
  98  10:26  Marine  
  98  10:28  SCV x3, Marine  
Tags
 
Add a new tag
Caveats
  • Supply blocks, unpowered buildings, or Contaminate may cause inaccurate times.
  • Supply counts are checked every 10 seconds.